 Dungeon Crawl Stone Soup version 0.20-a0-633-gff4aa5c (webtiles) character file.

87 nikopol the Chopper (level 4, -9/41 HPs)
             Began as a Minotaur Berserker on Feb 11, 2017.
             Was a Believer of Trog.
             Mangled by a hellwing (12 damage)
             ... on level 1 of the Abyss.
             The game lasted 00:04:15 (1777 turns).

nikopol the Chopper (Minotaur Berserker)            Turns: 1777, Time: 00:04:16

Health: -9/41      AC:  5    Str: 22    XL:     4   Next: 28%
Magic:  12/12      EV: 12    Int:  4    God:    Trog [**....]
Gold:   70         SH:  0    Dex: 10    Spells: 3/3 levels left

rFire    . . .     SeeInvis .   v - +2 hand axe (venom)
rCold    . . .     Gourm    .   h - +0 ring mail
rNeg     . . .     Faith    .   (no shield)
rPois    .         Spirit   .   (helmet restricted)
rElec    .         Reflect  .   (no cloak)
rCorr    .         Harm     .   (no gloves)
MR       .....                  (no boots)
Stlth    +.........             (no amulet)
Regen    0.2/turn               r - ring of magical power
                                k - ring of stealth

@: no status effects
A: retaliatory headbutt, horns 2
a: Berserk, Trog's Hand, Burn Spellbooks, Renounce Religion


You were on level 1 of the Abyss.
You worshipped Trog.
Trog was pleased with you.
You were hungry.

You visited 1 branch of the dungeon, and saw 2 of its levels.
You visited the Abyss 1 time.

You collected 70 gold pieces.

Inventory:

Hand Weapons
 a - a +0 hand axe
 v - a +2 hand axe of venom (weapon)
Missiles
 o - 51 arrows (quivered)
Armour
 b - a +0 animal skin
 h - a +0 ring mail (worn)
Jewellery
 k - a ring of stealth (left hand)
 r - a ring of magical power (right hand)
Scrolls
 d - 2 scrolls of fog {unknown}
 e - 3 scrolls of remove curse {unknown}
 f - 3 scrolls of immolation {unknown}
 n - a scroll of noise {unknown}
 p - a scroll of magic mapping {unknown}
 s - a scroll of identify {unknown}
 t - a scroll of random uselessness {unknown}
Potions
 i - 3 potions of mutation {unknown}
 l - a potion of agility {unknown}
 m - a potion of curing {unknown}
 q - a potion of berserk rage {unknown}
 u - a potion of invisibility {unknown}
Comestibles
 c - a bread ration
 j - 3 fruits


   Skills:
 + Level 4.3 Fighting
 + Level 4.4 Axes
 + Level 3.2 Armour
 + Level 3.2 Dodging


You had 3 spell levels left.
You didn't know any spells.

Dungeon Overview and Level Annotations

Branches:
Dungeon (2/15)

Altars:


Innate Abilities, Weirdness & Mutations

You reflexively headbutt those who attack you in melee.
You have a pair of horns on your head.


Message History

You closely miss the hellwing. You headbutt the hellwing.
The hellwing is lightly wounded.
The hellwing hits you but does no damage.
The hellwing hits you. The hellwing closely misses you.
The hellwing hits you but does no damage.
You hit the hellwing but do no damage.
The hellwing is lightly wounded.
The hellwing hits you!
* * * LOW HITPOINT WARNING * * *
The hellwing hits you.
* * * LOW HITPOINT WARNING * * *
You slash the hellwing!
The hellwing is poisoned.
You headbutt the hellwing, but do no damage.
The hellwing is lightly wounded.
The hellwing closely misses you.
The hellwing hits you but does no damage.
You hit the hellwing but do no damage.
The hellwing is lightly wounded.
The hellwing hits you!
You die...

# # # .# #... .
#.. .# # .
####.# # .
###.#.. # .
#..#4###
#..@..## ###.
#..##..# #... .
#.####.# # #. .
#.##.#.#######.
# #...)#.. ..
.... #.##...##
###...#
###..#.# .....
#..#..#.# ..#..
# #.#..#.
#.....### ##.


You could see a hellwing.

Vanquished Creatures
  Natasha (D:2)
  3 worms (D:2)
  3 dart slugs
  A leopard gecko (D:1)
  4 bats (D:1)
  A giant cockroach (D:2)
  8 hobgoblins
  4 frilled lizards
  4 goblins
  13 kobolds
  5 rats (D:1)
47 creatures vanquished.

Notes
Turn   | Place    | Note
-------+----------+-------------------------------------------
     0 | D:1      | nikopol the Minotaur Berserker began the quest for the Orb.
     0 | D:1      | Reached XP level 1. HP: 19/19 MP: 0/0
   133 | D:1      | Reached XP level 2. HP: 20/27 MP: 1/1
   787 | D:1      | Reached XP level 3. HP: 31/33 MP: 2/2
  1097 | D:1      | Reached ** piety under Trog
  1166 | D:2      | Noticed Natasha
  1177 | D:2      | Killed Natasha
  1459 | D:2      | Reached XP level 4. HP: 33/41 MP: 3/3
  1657 | D:2      | Cast into level 1 of the Abyss (kobold)
  1770 | Abyss:1  | Noticed a hellwing
  1777 | Abyss:1  | Mangled by a hellwing

Vault maps used:
D:1:      minmay_arrival_stair_chambers, minivault_11
D:2:      uniq_natasha

Skill      XL: |  1  2  3 |
---------------+----------+-----
Axes           | 4 |  4.4
Fighting       | 4 |  4.3
Armour         | 3 |  3.2
Dodging        | 3 |  3.2

Action                   |  1- 3 |  4- 6 || total
-------------------------+-------+-------++-------
Melee: Hand axe          |    84 |    32 ||   116
       Headbutt          |     7 |    10 ||    17
Invok: Berserk           |     1 |       ||     1
 Stab: Sleeping          |     2 |       ||     2
  Eat: Chunk             |     3 |       ||     3
Armor: Animal skin       |    12 |       ||    12
       Ring mail         |     8 |     9 ||    17
Dodge: Dodged            |    44 |    18 ||    62
